 Dungeon Crawl Stone Soup version 0.27-a0-1612-gde56a17b89 (webtiles) character file.

Game seed: 8222162146801792001

9 robertstho the Insei (level 2, -1/18 HPs)
             Began as an Octopode Transmuter on July 21, 2021.
             Slain by a kobold (5 damage)
             ... on level 1 of the Dungeon.
             The game lasted 00:00:37 (512 turns).

robertstho the Insei (Octopode Transmuter)           Turns: 512, Time: 00:00:38

Health: -1/18      AC:  1    Str:  9    XL:     2   Next: 16%
Magic:  4/5        EV: 13    Int: 15    God:
Gold:   0          SH:  0    Dex: 12    Spells: 4/5 levels left

rFire    . . .     SeeInvis .     - Unarmed
rCold    . . .     Faith    .   (no shield)
rNeg     . . .     Spirit   .   (helmet currently unavailable)
rPois    .         Reflect  .   (no amulet)
rElec    .         Harm     .   (no ring)
rCorr    .         Rampage  .   (no ring)
Will     .....                  (no ring)
Stlth    ++........             (no ring)
HPRegen  0.06/turn              (no ring)
MPRegen  0.09/turn              (no ring)
                                (no ring)
                                (no ring)

@: appendages
A: tentacle spike 3, almost no armour, amphibious, 8 rings, camouflage 1,
gelatinous body 1, (nimble swimmer 1), tentacles
a: End Transformation


You were on level 1 of the Dungeon.
One of your tentacles had grown a beastly spike.
You visited 1 branch of the dungeon, and saw 1 of its levels.

You aren't carrying anything.


   Skills:
 * Level 1.3 Fighting
 + Level 2.1 Dodging
 * Level 0.4 Stealth
 + Level 3.1 Unarmed Combat
 * Level 2.1 Spellcasting
 + Level 2.0 Transmutations


You had 4 spell levels left.
You knew the following spells:

 Your Spells              Type           Power      Damage    Failure   Level
a - Beastly Appendage     Tmut           14%        N/A       10%         1

Your spell library contained the following spells:

 Spells                   Type           Power      Damage    Failure   Level
 Wereblood                Tmut           7%         N/A       14%         2
 Spider Form              Tmut/Pois      2%         N/A       41%         3
 Ice Form                 Ice/Tmut       4%         N/A       82%         4


Dungeon Overview and Level Annotations

Branches:
Dungeon (1/15)

Altars:


Innate Abilities, Weirdness & Mutations

One of your tentacles has grown a beastly spike.
You cannot wear most types of armour.
You are amphibious.
You can wear up to eight rings at the same time.
Your skin changes colour to match your surroundings (Stealth+).
Your rubbery body absorbs attacks. (AC +1, EV +1)
((You are camouflaged near water. (Stealth+)))
You have tentacles for arms and can constrict up to eight enemies at once.


Message History

A kobold is nearby!
A kobold is nearby!
A kobold is nearby!
The kobold throws a stone.
The stone closely misses you.
The kobold throws a stone.
The stone hits you.
A bat comes into view.
You closely miss the kobold. Your grab misses the kobold.
The kobold hits you with a +0 short sword.
You miss the kobold. Your grab misses the kobold. The kobold barely misses you.
You tentacle-slap the kobold. Your grab misses the kobold.
The kobold is heavily wounded.
The bat hits you.
The kobold hits you with a +0 short sword.
You tentacle-slap the kobold. Your grab misses the kobold.
The kobold is severely wounded.
The bat hits you. The bat barely misses you.
The kobold hits you with a +0 short sword.
* * * LOW HITPOINT WARNING * * *
You are too injured to fight recklessly!
You are too injured to fight recklessly!
You are too injured to fight recklessly!
You are too injured to fight recklessly!
You are too injured to fight recklessly!
You are too injured to fight recklessly!
You are too injured to fight recklessly!
You are too injured to fight recklessly!
You are too injured to fight recklessly!
You are too injured to fight recklessly!
Casting: Beastly Appendage (safe; 10% risk of failure)
Confirm with . or Enter, or press ? or * to list all spells.
One of your tentacles grows a vicious spike.
The bat hits you but does no damage.
The kobold hits you with a +0 short sword.
* * * LOW HITPOINT WARNING * * *
You tentacle-slap the kobold but do no damage.
Your grab misses the kobold.
The kobold is severely wounded.
The bat barely misses you.
The kobold hits you with a +0 short sword.
You die...

..## ##.....#
..# #..#..# ...
..# #..#..# #.#
..## ##.....#
##.# ...#
#.....## #...
...###.....#
#..#
..........##
#..#
....#....##
#bK#
##..#######
#.@#
..........#
#..#
.....####.##
#..# #######
.....# #..#
#..######.....#
.....# ##.#
#..##.........#
.....# #.#
#..##.........#
....[# #.##
#..##...†..####
.....# #..#
#..##......#
###### ##.#
#..##......#


You could see a bat and a kobold.

Vanquished Creatures
  An endoplasm (D:1)
  2 jackals (D:1)
  A quokka (D:1)
  A ball python (D:1)
  3 bats (D:1)
  A frilled lizard (D:1)
  A goblin (D:1)
10 creatures vanquished.

Notes
Turn   | Place    | Note
-------+----------+-------------------------------------------
     0 | D:1      | robertstho the Octopode Transmuter began the quest for the
                  | Orb.
     0 | D:1      | Reached XP level 1. HP: 13/13 MP: 3/3
    77 | D:1      | Reached XP level 2. HP: 4/18 MP: 5/5
   512 | D:1      | Slain by a kobold

Illustrated notes

Levels and vault maps discovered:
D:1:      minmay_arrival_loop, layout_basic, roderic_roman_lattice

Action                   || total
-------------------------++-------
Melee: Unarmed           ||    24
       Kick              ||     5
       Constrict         ||     5
       Tentacles         ||     3
 Cast: Beastly Appendage ||     2
Armor: Skin              ||     7
Dodge: Dodged            ||    23

Table legend: (Time is in decaauts)
 A = Elapsed time spent in this place.
 B = Non-inter-level travel time spent in this place.
 C = Inter-level travel time spent in this place.
 D = Time resting spent in this place.
 E = Time spent auto-exploring this place.
 F = Levels seen in this place.
 G = Mean time per level.
                   A        B        C        D        E       F      G
               +--------+--------+--------+--------+--------+-----+--------+
         Total |    511 |    511 |      0 |    229 |    227 |   1 |  511.0 |
       Dungeon |    511 |    511 |      0 |    229 |    227 |   1 |  511.0 |
               +--------+--------+--------+--------+--------+-----+--------+

Top non-repeatable levels by time:
     D:1: 511 daAuts
